 Dungeon Crawl Stone Soup version 0.24.1-14-gf8d2b509d9 (webtiles) character file.

Game seed: 17155264303603505420, levelgen mode: deterministic

113 mortelune the Changer (level 4, -3/38 HPs)
             Began as a Naga Transmuter on May 21, 2020.
             Killed by divine providence
             ... invoked by an orc priest
              (12 damage)
             ... on level 3 of the Dungeon.
             The game lasted 00:04:49 (5208 turns).

mortelune the Changer (Naga Transmuter)             Turns: 5208, Time: 00:04:49

Health: -3/38      AC:  2    Str: 19 (20) XL:     4   Next: 96%
Magic:  0/8        EV: 10    Int: 16 (19) God:
Gold:   159        SH:  0    Dex: 10 (12) Spells: 2/8 levels left

rFire    . . .     SeeInvis +     - Unarmed
rCold    . . .     Gourm    .   (no shield)
rNeg     . . .     Faith    .   b - +0 robe
rPois    +         Spirit   .   (no helmet)
rElec    .         Reflect  .   (no cloak)
rCorr    .         Harm     .   (no gloves)
MR       .....                  (no barding)
Stlth    +.........             (no amulet)
HPRegen  0.12/turn              n - +3 ring of strength
MPRegen  0.11/turn              (no ring)

@: mighty, brilliant, appendage, very slow
A: large, horns 2, see invisible, deformed body, poison resistance, slowness 2,
slow metabolism 1, spit poison 1, AC +1
a: Spit Poison, End Transformation


You were on level 3 of the Dungeon.
You were very hungry.
You had grown temporary horns.
You visited 1 branch of the dungeon, and saw 3 of its levels.

You collected 159 gold pieces.

Inventory:

Missiles
 f - 24 arrows
 Q - 89 stones (quivered)
Armour
 b - a +0 robe (worn)
 k - a +0 scale mail
Jewellery
 n - a +3 ring of strength (left hand)
Scrolls
 c - a scroll of identify {unknown}
 e - 3 scrolls of teleportation {unknown}
 g - 2 scrolls of magic mapping {unknown}
 l - a scroll of enchant armour {unknown}
 m - a scroll of enchant weapon {unknown}
Potions
 j - a potion of agility
Comestibles
 d - 5 rations


   Skills:
 - Level 1.0 Fighting
 - Level 1.5 Dodging
 + Level 3.7 Unarmed Combat
 + Level 2.8 Spellcasting
 * Level 3.7 Transmutations


You had 2 spell levels left.
You knew the following spells:

 Your Spells              Type           Power        Failure   Level  Hunger
a - Beastly Appendage     Tmut           ###...       1%          1    #......
b - Sticks to Snakes      Tmut           ###.....     1%          2    ##.....
c - Spider Form           Tmut/Pois      ###.......   3%          3    ###....

Your spell library contained the following spells:

 Spells                   Type           Power        Failure   Level  Hunger
 Ice Form                 Ice/Tmut       ###.....     10%         4    #####..
 Blade Hands              Tmut           ###.......   13%         5    ######.


Dungeon Overview and Level Annotations

Branches:
Dungeon (3/15)

Altars:
The Shining One


Innate Abilities, Weirdness & Mutations

You cannot wear boots.
Your serpentine skin is tough. (AC +1)
You have supernaturally acute eyesight. (SInv)
Armour fits poorly on your strangely shaped body.
Your system is resistant to poisons. (rPois)
You cover ground very slowly.
You have a slow metabolism.
You can spit poison.
You have a pair of horns on your head.


Message History

You feel clever all of a sudden.
It was a potion of degeneration.
There was something very wrong with that liquid.
You feel weakened.
You feel dopey.
You feel clumsy. The orc barely misses you.
It was a potion of might.
You feel very mighty all of a sudden.
The orc priest calls upon Beogh to heal the orc.
The orc's wounds heal themselves!
You feel better. The orc barely misses you.
You feel better. The orc hits you with a +0 hand axe.
* * * LOW HITPOINT WARNING * * *
The orc priest hits you with a +0 war axe.
* * * LOW HITPOINT WARNING * * *
Casting: Sticks to Snakes (safe; 1% risk of failure)
Confirm with . or Enter, or press ? or * to list all spells.
You grow a pair of large bovine horns.
The orc barely misses you.
The orc priest invokes the aid of Beogh against you.
Beogh smites you!
You die...

..#..........# ##.#.##
..... #.#...########
#.###.# ##..#
#....##......# ##.#.## #.o#
#.#..#.......# #.#.#.# #.)#
.............# ##.#.## #o.#
.###.........# #.###.# #o.#
####..>......# ##.#.## #..#
.............###o#.#.###..#
....#...........@o.#.o.)o.#
######...)....#############
##........## #..........#
#..........# #..........#
#..........# #.>........#
##........##


You could see an orc priest and an orc.

Vanquished Creatures
  An orc priest (D:3)
  An adder (D:3)
  2 worms (D:2)
  A leopard gecko (D:2)
  3 orcs (D:3)
  14 bats
  3 giant cockroaches (D:2)
  A goblin (D:2)
  6 hobgoblins
  6 jackals
  8 kobolds
  A quokka (D:2)
  A ball python (D:1)
  4 frilled lizards
  10 rats
62 creatures vanquished.

Vanquished Creatures (collateral kills)
  2 orcs (D:3)
  A rat (D:3)
3 creatures vanquished.

Grand Total: 65 creatures vanquished

Notes
Turn   | Place    | Note
-------+----------+-------------------------------------------
     0 | D:1      | mortelune the Naga Transmuter began the quest for the Orb.
     0 | D:1      | Reached XP level 1. HP: 18/18 MP: 3/3
   587 | D:1      | Reached XP level 2. HP: 21/25 MP: 3/5
  1490 | D:1      | Learned a level 2 spell: Sticks to Snakes
  2443 | D:1      | Reached XP level 3. HP: 31/31 MP: 6/6
  2581 | D:2      | Learned a level 3 spell: Spider Form
  3802 | D:2      | Found a glowing golden altar of the Shining One.
  4002 | D:3      | Reached XP level 4. HP: 22/38 MP: 2/7
  5202 | D:3      | HP: 1/38 [orc/+0 hand axe (8)]
  5208 | D:3      | Killed from afar by an orc priest

Levels and vault maps discovered:
D:1:      dpeg_arrival_rooms_b, layout_basic
D:2:      layout_basic, first_ration, tso_altar
D:3:      layout_rooms, roderic_roman_lattice

Skill      XL: |  1  2  3 |
---------------+----------+-----
Transmutations | 3 |  3.7
Fighting       | |  1.0
Dodging        | |  1.5
Unarmed Combat | |  3.7
Spellcasting   | |  2.8

Action                   |  1- 3 |  4- 6 || total
-------------------------+-------+-------++-------
Melee: Unarmed           |   147 |    60 ||   207
       Headbutt          |     7 |     2 ||     9
       Punch             |     1 |     1 ||     2
 Cast: Beastly Appendage |    13 |     3 ||    16
       Spider Form       |     4 |     1 ||     5
       Sticks to Snakes  |     2 |     7 ||     9
 Abil: Spit Poison       |       |     2 ||     2
  Use: Potion            |       |     6 ||     6
 Stab: Sleeping          |     1 |     3 ||     4
  Eat: Chunk             |     7 |     3 ||    10
Armor: Robe              |    59 |    14 ||    73
       Scale mail        |     5 |       ||     5
       Skin              |       |     1 ||     1
Dodge: Dodged            |   120 |    39 ||   159
